[ AOE2 MATCH · #460289686 ]
UnrankedItalians vs Britons
[ REPLAY ANALYSIS · EXTRACTED FROM THE RECORDED GAME ]
Feudal
9:41
Castle
13:37
Imperial
23:16
| APM avg | 45.6 |
| APM peak | 94 |
| eAPM avg | 25.5 |
| Villagers / military | 69 / 19 |
Focus
⚔️ 54.9% · 🌾 45.1%
Genoese Crossbowman ×11 · Petard ×5 · Trebuchet (Packed) ×3
Feudal
8:02
Castle
23:11
Imperial
—
| APM avg | 26.5 |
| APM peak | 60 |
| eAPM avg | 16.7 |
| Villagers / military | 50 / 4 |
Focus
⚔️ 30.3% · 🌾 69.7%
Archer ×4
Feudal
10:53
Castle
—
Imperial
—
| APM avg | 27.7 |
| APM peak | 58 |
| eAPM avg | 14.2 |
| Villagers / military | 60 / 0 |
Focus
⚔️ 11.7% · 🌾 88.3%
Feudal
10:39
Castle
14:39
Imperial
23:45
| APM avg | 50.6 |
| APM peak | 111 |
| eAPM avg | 20.5 |
| Villagers / military | 42 / 3 |
Focus
⚔️ 37.0% · 🌾 63.0%
Mangonel ×3
Match map
Initial resources + every placement click. Lines = walls · curves = elevation contours. ◆ gold · ⬟ stone · ● berries · ✦ relic · ◌ wall gap
Your base· ✓ Closed at 13:37 · 0t walls · 2 gate(s)
Evander's base· ✓ Closed at 23:11 · 22t walls · 2 gate(s)
luizcspinha's base· ✓ Closed at 24:52 · 50t walls · 2 gate(s)
pascal sauvage's base· ✓ Closed at 14:39 · 0t walls · 2 gate(s)
Smoothed initial terrain · ◌ = detected wall gap · hover for details
Inputs per minute
— The Arabia King - - Evander
Build order — The Arabia King
133 actions detected in the replay
| 0:01 | Create | Villager (Male) |
| 0:01 | Create | Villager (Male) |
| 0:02 | Build | House |
| 0:03 | Build | House |
| 0:06 | Create | Villager (Male) |
| 0:11 | Create | Villager (Male) |
| 1:30 | Create | Villager (Male) |
| 1:30 | Create | Villager (Male) |
| 1:43 | Build | Lumber Camp |
| 1:59 | Create | Villager (Male) |
| 1:59 | Create | Villager (Male) |
| 1:59 | Create | Villager (Male) |
| 2:37 | Create | Villager (Male) |
| 2:40 | Create | Villager (Male) |
| 2:40 | Create | Villager (Male) |
| 3:38 | Create | Villager (Male) |
| 3:38 | Create | Villager (Male) |
| 3:38 | Create | Villager (Male) |
| 3:54 | Build | House |
| 3:55 | Build | House |
| 4:23 | Build | Mill |
| 4:27 | Create | Villager (Male) |
| 4:27 | Create | Villager (Male) |
| 4:27 | Create | Villager (Male) |
| 4:44 | Create | Villager (Male) |
| 5:10 | Create | Villager (Male) |
| 5:25 | Build | Farm |
| 5:30 | Build | Farm |
| 5:31 | Create | Villager (Male) |
| 6:00 | Create | Villager (Male) |
| 6:23 | Create | Villager (Male) |
| 6:44 | Build | Mining Camp |
| 7:25 | Research | Feudal Age |
| 7:53 | Create | Villager (Male) |
| 7:53 | Create | Villager (Male) |
| 9:39 | Create | Villager (Male) |
| 9:41 | Age | Feudal Age |
| 9:54 | Build | Market |
| 9:56 | Build | Blacksmith |
| 10:06 | Create | Villager (Male) |
| 10:57 | Research | Castle Age |
| 10:57 | Research | Castle Age |
| 10:57 | Research | Castle Age |
| 13:15 | Create | Villager (Male) |
| 13:16 | Create | Villager (Male) |
| 13:37 | Age | Castle Age |
| 13:37 | Build | House |
| 13:41 | Research | Town Watch |
| 13:43 | Create | Villager (Male) |
| 14:02 | Build | Mining Camp |
| 14:10 | Build | Castle |
| 14:18 | Create | Villager (Male) |
| 14:19 | Build | Palisade Wall |
| 14:21 | Build | Palisade Wall |
| 14:51 | Build | Farm |
| 14:52 | Create | Villager (Male) |
| 14:53 | Build | Farm |
| 15:08 | Create | Villager (Male) |
| 15:21 | Create | Genoese Crossbowman |
| 15:21 | Create | Genoese Crossbowman |
| 15:25 | Create | Villager (Male) |
| 15:26 | Build | Farm |
| 15:37 | Create | Genoese Crossbowman |
| 15:43 | Create | Petard |
| 15:57 | Create | Petard |
| 16:01 | Create | Genoese Crossbowman |
| 16:02 | Create | Villager (Male) |
| 16:03 | Create | Villager (Male) |
| 16:04 | Create | Villager (Male) |
| 16:07 | Build | Mill |
| 16:11 | Create | Genoese Crossbowman |
| 16:17 | Create | Villager (Male) |
| 16:44 | Create | Genoese Crossbowman |
| 16:56 | Build | Farm |
| 17:01 | Create | Villager (Male) |
| 17:40 | Create | Villager (Male) |
| 17:43 | Create | Genoese Crossbowman |
| 17:45 | Build | Farm |
| 18:10 | Create | Villager (Male) |
| 18:12 | Create | Villager (Male) |
| 18:35 | Create | Villager (Male) |
| 18:37 | Create | Villager (Male) |
| 18:37 | Create | Villager (Male) |
| 18:38 | Create | Villager (Male) |
| 18:38 | Create | Villager (Male) |
| 18:39 | Create | Villager (Male) |
| 20:06 | Research | Imperial Age |
| 20:06 | Research | Imperial Age |
| 20:20 | Create | Genoese Crossbowman |
| 20:25 | Build | Outpost |
| 20:27 | Build | Mining Camp |
| 20:35 | Build | Mining Camp |
| 20:44 | Research | Fletching |
| 21:08 | Create | Villager (Male) |
| 21:08 | Create | Villager (Male) |
| 21:13 | Build | Outpost |
| 21:19 | Create | Genoese Crossbowman |
| 21:27 | Create | Villager (Male) |
| 21:27 | Create | Villager (Male) |
| 21:41 | Create | Petard |
| 21:41 | Create | Petard |
| 21:58 | Create | Villager (Male) |
| 21:58 | Create | Villager (Male) |
| 22:16 | Create | Petard |
| 22:21 | Research | Loom |
| 22:21 | Create | Villager (Male) |
| 22:22 | Create | Villager (Male) |
| 22:22 | Create | Villager (Male) |
| 22:29 | Create | Villager (Male) |
| 22:46 | Create | Villager (Male) |
| 23:04 | Create | Villager (Male) |
| 23:04 | Create | Villager (Male) |
| 23:09 | Create | Villager (Male) |
| 23:16 | Age | Imperial Age |
| 23:20 | Create | Trebuchet (Packed) |
| 23:20 | Create | Trebuchet (Packed) |
| 23:32 | Create | Villager (Male) |
| 23:37 | Build | Farm |
| 23:48 | Research | Bodkin Arrow |
| 23:48 | Research | Bodkin Arrow |
| 23:50 | Create | Villager (Male) |
| 24:03 | Create | Trebuchet (Packed) |
| 24:05 | Create | Villager (Male) |
| 24:05 | Create | Villager (Male) |
| 24:40 | Research | Bracer |
| 24:40 | Research | Bracer |
| 24:42 | Create | Villager (Male) |
| 24:42 | Create | Villager (Male) |
| 24:55 | Create | Villager (Male) |
| 25:01 | Build | House |
| 25:03 | Build | House |
| 25:31 | Create | Genoese Crossbowman |
| 25:31 | Create | Genoese Crossbowman |
Build order — Evander
143 actions detected in the replay
| 0:02 | Create | Villager (Male) |
| 0:02 | Create | Villager (Male) |
| 0:02 | Create | Villager (Male) |
| 0:03 | Build | House |
| 0:05 | Build | House |
| 0:11 | Create | Villager (Male) |
| 1:11 | Create | Villager (Male) |
| 1:57 | Create | Villager (Male) |
| 1:57 | Create | Villager (Male) |
| 2:03 | Create | Villager (Male) |
| 2:46 | Create | Villager (Male) |
| 3:06 | Build | Lumber Camp |
| 3:08 | Build | House |
| 3:14 | Create | Villager (Male) |
| 3:19 | Create | Villager (Male) |
| 3:19 | Create | Villager (Male) |
| 3:58 | Create | Villager (Male) |
| 4:49 | Build | Mining Camp |
| 4:52 | Create | Villager (Male) |
| 5:14 | Research | Loom |
| 5:50 | Research | Feudal Age |
| 6:00 | Build | House |
| 6:17 | Create | Villager (Male) |
| 6:54 | Create | Villager (Male) |
| 8:02 | Age | Feudal Age |
| 8:04 | Build | Watch Tower |
| 8:24 | Research | Double-Bit Axe |
| 8:28 | Create | Villager (Male) |
| 8:43 | Build | House |
| 9:08 | Create | Villager (Male) |
| 9:18 | Build | Watch Tower |
| 9:26 | Create | Villager (Male) |
| 10:20 | Create | Villager (Male) |
| 10:20 | Create | Villager (Male) |
| 10:20 | Create | Villager (Male) |
| 10:49 | Build | Mill |
| 10:51 | Create | Villager (Male) |
| 11:10 | Build | Watch Tower |
| 11:41 | Build | Watch Tower |
| 11:54 | Create | Villager (Male) |
| 12:02 | Build | Farm |
| 12:02 | Build | Farm |
| 12:02 | Build | Farm |
| 12:05 | Build | Farm |
| 12:07 | Create | Villager (Male) |
| 12:10 | Build | House |
| 12:32 | Build | Watch Tower |
| 12:44 | Build | Gate |
| 12:52 | Create | Villager (Male) |
| 12:54 | Create | Villager (Male) |
| 12:57 | Build | Farm |
| 13:04 | Create | Villager (Male) |
| 13:13 | Build | House |
| 13:37 | Build | Watch Tower |
| 13:42 | Build | Palisade Wall |
| 13:44 | Build | Palisade Wall |
| 13:45 | Build | Palisade Wall |
| 13:49 | Create | Villager (Male) |
| 14:01 | Create | Villager (Male) |
| 14:15 | Create | Villager (Male) |
| 14:27 | Build | Palisade Wall |
| 14:29 | Build | Palisade Wall |
| 14:31 | Build | Palisade Wall |
| 14:43 | Create | Villager (Male) |
| 14:50 | Create | Villager (Male) |
| 15:01 | Build | Watch Tower |
| 15:06 | Build | Palisade Wall |
| 15:07 | Build | Palisade Wall |
| 15:08 | Build | Palisade Wall |
| 15:09 | Build | Palisade Wall |
| 15:11 | Build | Palisade Wall |
| 15:12 | Build | Palisade Wall |
| 15:20 | Build | Blacksmith |
| 15:22 | Build | Farm |
| 15:29 | Create | Villager (Male) |
| 15:31 | Build | Farm |
| 15:53 | Create | Villager (Male) |
| 16:10 | Build | Watch Tower |
| 16:11 | Research | Fletching |
| 16:16 | Build | Farm |
| 16:31 | Build | Palisade Wall |
| 16:33 | Build | Palisade Wall |
| 16:38 | Build | Palisade Wall |
| 16:40 | Build | Palisade Wall |
| 16:44 | Build | Palisade Wall |
| 16:46 | Create | Villager (Male) |
| 17:13 | Build | Farm |
| 17:15 | Create | Villager (Male) |
| 17:31 | Build | Watch Tower |
| 17:37 | Build | Palisade Wall |
| 18:01 | Create | Villager (Male) |
| 18:34 | Create | Villager (Male) |
| 18:41 | Build | Watch Tower |
| 18:45 | Build | House |
| 18:47 | Build | House |
| 18:49 | Build | Palisade Wall |
| 19:01 | Build | House |
| 19:03 | Build | Palisade Wall |
| 19:05 | Build | Palisade Wall |
| 19:09 | Build | Palisade Wall |
| 19:18 | Build | Farm |
| 19:23 | Build | Market |
| 19:28 | Build | Barracks |
| 20:31 | Research | Castle Age |
| 21:01 | Build | Archery Range |
| 21:20 | Build | Mining Camp |
| 21:34 | Create | Villager (Male) |
| 21:49 | Create | Archer |
| 22:09 | Create | Villager (Male) |
| 22:29 | Build | Farm |
| 22:52 | Build | Farm |
| 22:53 | Create | Villager (Male) |
| 22:55 | Create | Archer |
| 23:11 | Age | Castle Age |
| 23:16 | Build | Farm |
| 23:18 | Create | Villager (Male) |
| 23:30 | Create | Archer |
| 23:36 | Create | Villager (Male) |
| 23:48 | Build | Town Center |
| 24:14 | Create | Villager (Male) |
| 24:22 | Research | Wheelbarrow |
| 24:43 | Build | Town Center |
| 24:52 | Build | Farm |
| 24:52 | Build | Farm |
| 24:52 | Build | Farm |
| 24:53 | Build | Farm |
| 24:53 | Build | Farm |
| 24:53 | Build | Farm |
| 24:54 | Create | Villager (Male) |
| 24:55 | Create | Villager (Male) |
| 24:58 | Build | Farm |
| 24:58 | Build | Farm |
| 24:58 | Build | Farm |
| 24:59 | Build | Farm |
| 25:00 | Build | Farm |
| 25:04 | Build | Farm |
| 25:07 | Research | Horse Collar |
| 25:14 | Create | Archer |
| 25:33 | Build | Farm |
| 25:36 | Build | Farm |
| 25:42 | Create | Villager (Male) |
| 25:55 | Create | Villager (Male) |
| 25:56 | Create | Villager (Male) |
Build order — luizcspinha
113 actions detected in the replay
| 0:02 | Create | Villager (Male) |
| 0:02 | Create | Villager (Male) |
| 0:02 | Create | Villager (Male) |
| 0:02 | Create | Villager (Male) |
| 0:04 | Build | House |
| 0:06 | Build | House |
| 0:34 | Create | Villager (Male) |
| 0:34 | Create | Villager (Male) |
| 1:46 | Build | Lumber Camp |
| 1:50 | Create | Villager (Male) |
| 2:37 | Create | Villager (Male) |
| 3:13 | Create | Villager (Male) |
| 3:13 | Create | Villager (Male) |
| 3:26 | Create | Villager (Male) |
| 3:26 | Create | Villager (Male) |
| 3:26 | Create | Villager (Male) |
| 3:43 | Build | House |
| 3:44 | Build | House |
| 4:09 | Build | Mill |
| 4:22 | Create | Villager (Male) |
| 4:23 | Create | Villager (Male) |
| 5:13 | Create | Villager (Male) |
| 5:14 | Create | Villager (Male) |
| 5:14 | Create | Villager (Male) |
| 5:14 | Create | Villager (Male) |
| 5:50 | Create | Villager (Male) |
| 6:23 | Create | Villager (Male) |
| 7:14 | Create | Villager (Male) |
| 7:14 | Create | Villager (Male) |
| 7:14 | Create | Villager (Male) |
| 7:19 | Build | Mining Camp |
| 7:32 | Create | Villager (Male) |
| 7:41 | Build | Farm |
| 7:47 | Build | Farm |
| 7:50 | Build | Farm |
| 8:22 | Build | Palisade Wall |
| 8:46 | Research | Feudal Age |
| 9:01 | Research | Loom |
| 10:53 | Age | Feudal Age |
| 10:53 | Create | Villager (Male) |
| 10:54 | Create | Villager (Male) |
| 11:01 | Build | Market |
| 11:16 | Build | Stone Wall |
| 11:23 | Build | Palisade Wall |
| 12:08 | Build | Stone Wall |
| 13:17 | Build | Watch Tower |
| 13:22 | Create | Villager (Male) |
| 13:22 | Create | Villager (Male) |
| 13:23 | Create | Villager (Male) |
| 13:23 | Create | Villager (Male) |
| 13:23 | Create | Villager (Male) |
| 13:53 | Build | House |
| 14:20 | Create | Villager (Male) |
| 14:21 | Create | Villager (Male) |
| 14:21 | Create | Villager (Male) |
| 14:21 | Create | Villager (Male) |
| 14:21 | Create | Villager (Male) |
| 14:53 | Create | Villager (Male) |
| 14:53 | Create | Villager (Male) |
| 14:53 | Create | Villager (Male) |
| 14:55 | Create | Villager (Male) |
| 14:55 | Create | Villager (Male) |
| 15:04 | Build | House |
| 15:05 | Build | House |
| 15:40 | Build | Farm |
| 15:41 | Build | Farm |
| 15:42 | Build | Farm |
| 15:43 | Build | Farm |
| 15:45 | Build | Farm |
| 15:47 | Build | Farm |
| 15:51 | Research | Double-Bit Axe |
| 16:19 | Build | Farm |
| 16:20 | Build | Farm |
| 16:23 | Build | Farm |
| 17:37 | Build | Watch Tower |
| 17:47 | Create | Villager (Male) |
| 17:47 | Create | Villager (Male) |
| 17:47 | Create | Villager (Male) |
| 17:47 | Create | Villager (Male) |
| 17:58 | Create | Villager (Male) |
| 17:59 | Create | Villager (Male) |
| 17:59 | Create | Villager (Male) |
| 18:39 | Create | Villager (Male) |
| 18:40 | Create | Villager (Male) |
| 18:40 | Create | Villager (Male) |
| 19:55 | Build | House |
| 20:44 | Build | House |
| 20:57 | Build | Watch Tower |
| 21:56 | Build | Farm |
| 21:57 | Build | Farm |
| 22:00 | Build | Farm |
| 22:06 | Create | Villager (Male) |
| 22:06 | Create | Villager (Male) |
| 22:12 | Build | Farm |
| 22:13 | Build | Farm |
| 22:29 | Build | Farm |
| 22:34 | Build | Farm |
| 22:36 | Research | Horse Collar |
| 22:58 | Create | Villager (Male) |
| 22:59 | Create | Villager (Male) |
| 23:06 | Build | House |
| 23:09 | Build | House |
| 23:13 | Build | Palisade Wall |
| 23:18 | Create | Villager (Male) |
| 23:18 | Create | Villager (Male) |
| 23:19 | Create | Villager (Male) |
| 23:23 | Build | Farm |
| 23:37 | Build | Farm |
| 23:39 | Build | Farm |
| 23:48 | Build | Farm |
| 24:21 | Build | Blacksmith |
| 24:29 | Create | Villager (Male) |
| 24:52 | Research | Castle Age |
Build order — pascal sauvage
112 actions detected in the replay
| 0:01 | Create | Villager (Male) ×4 |
| 0:02 | Build | House |
| 0:02 | Build | House |
| 1:24 | Create | Villager (Male) |
| 1:46 | Build | Lumber Camp |
| 2:00 | Create | Villager (Male) |
| 2:01 | Create | Villager (Male) |
| 2:51 | Create | Villager (Male) |
| 3:04 | Create | Villager (Male) |
| 3:44 | Create | Villager (Male) |
| 3:56 | Build | House |
| 4:17 | Create | Villager (Male) |
| 4:19 | Create | Villager (Male) |
| 4:45 | Build | House |
| 5:00 | Create | Villager (Male) |
| 5:14 | Build | Mill |
| 5:22 | Create | Villager (Male) |
| 5:52 | Create | Villager (Male) |
| 6:12 | Create | Villager (Male) |
| 6:44 | Create | Villager (Male) |
| 7:14 | Create | Villager (Male) |
| 7:15 | Create | Villager (Male) |
| 7:41 | Build | Mining Camp |
| 7:45 | Create | Villager (Male) |
| 8:07 | Research | Feudal Age |
| 8:48 | Build | House |
| 9:00 | Create | Villager (Male) |
| 9:00 | Create | Villager (Male) |
| 10:39 | Age | Feudal Age |
| 10:42 | Build | Market |
| 10:45 | Build | Blacksmith |
| 10:57 | Build | Farm |
| 11:15 | Build | Farm |
| 11:29 | Create | Villager (Male) |
| 11:47 | Build | House |
| 11:59 | Research | Castle Age |
| 11:59 | Research | Castle Age |
| 12:02 | Research | Double-Bit Axe |
| 12:41 | Build | Barracks |
| 12:50 | Build | Farm |
| 12:52 | Build | Farm |
| 12:58 | Build | Farm |
| 13:08 | Build | Farm |
| 13:16 | Build | Farm |
| 13:30 | Build | Farm |
| 13:53 | Build | Outpost |
| 14:39 | Age | Castle Age |
| 14:49 | Build | Mill |
| 14:50 | Build | Farm |
| 14:50 | Build | Farm |
| 14:50 | Build | Farm |
| 14:51 | Build | Farm |
| 14:51 | Build | Farm |
| 14:51 | Build | Farm |
| 14:53 | Create | Villager (Male) |
| 14:54 | Research | Loom |
| 14:57 | Build | Stone Wall |
| 15:00 | Build | Stone Wall |
| 15:04 | Build | Stone Wall |
| 15:08 | Research | Bow Saw |
| 15:28 | Build | Farm |
| 15:45 | Create | Villager (Male) |
| 15:49 | Create | Villager (Male) |
| 16:18 | Build | Outpost |
| 16:21 | Build | Farm |
| 16:23 | Build | Farm |
| 16:26 | Build | Farm |
| 16:29 | Build | Farm |
| 16:32 | Create | Villager (Male) |
| 16:47 | Build | Farm |
| 16:50 | Research | Wheelbarrow |
| 16:50 | Research | Wheelbarrow |
| 17:08 | Build | Outpost |
| 17:45 | Create | Villager (Male) |
| 17:55 | Build | Siege Workshop |
| 18:06 | Create | Villager (Male) |
| 18:07 | Create | Villager (Male) |
| 18:32 | Build | Stone Wall |
| 18:59 | Build | House |
| 19:08 | Build | House |
| 19:10 | Create | Mangonel |
| 19:19 | Build | House |
| 19:20 | Create | Villager (Male) |
| 19:41 | Build | Monastery |
| 19:54 | Create | Villager (Male) |
| 20:14 | Build | House |
| 20:17 | Create | Villager (Male) |
| 20:34 | Research | Imperial Age |
| 21:07 | Build | University |
| 21:51 | Create | Mangonel |
| 21:51 | Create | Mangonel |
| 21:53 | Create | Villager (Male) |
| 23:16 | Build | Town Center |
| 23:23 | Research | Fortified Wall (upgrade) |
| 23:45 | Age | Imperial Age |
| 23:55 | Build | Siege Workshop |
| 24:21 | Research | Chemistry |
| 24:21 | Research | Chemistry |
| 24:26 | Build | Archery Range |
| 24:30 | Create | Villager (Male) |
| 24:30 | Create | Villager (Male) |
| 24:33 | Build | Farm |
| 24:36 | Build | Farm |
| 24:39 | Create | Villager (Male) |
| 24:50 | Create | Villager (Male) |
| 24:57 | Build | Market |
| 24:59 | Create | Villager (Male) |
| 25:23 | Build | Archery Range |
| 25:28 | Create | Villager (Male) |
| 25:42 | Create | Villager (Male) |
| 25:48 | Create | Villager (Male) |
| 25:57 | Build | Stone Wall |
Match timeline
| 8:02 | Evander · age_up feudal |
| 8:22 | luizcspinha · wall_segment Palisade Wall x18 |
| 9:41 | The Arabia King · age_up feudal |
| 10:39 | pascal sauvage · age_up feudal |
| 10:53 | luizcspinha · age_up feudal |
| 11:16 | luizcspinha · wall_segment Stone Wall x17 |
| 11:23 | luizcspinha · wall_segment Palisade Wall x1 |
| 12:08 | luizcspinha · wall_segment Stone Wall x12 |
| 12:41 | pascal sauvage · first_building Barracks |
| 13:09 | luizcspinha · first_market_buy 100 stone |
| 13:37 | The Arabia King · age_up castle |
| 13:42 | Evander · wall_segment Palisade Wall x1 |
| 13:44 | Evander · wall_segment Palisade Wall x1 |
| 13:45 | Evander · wall_segment Palisade Wall x1 |
| 14:10 | The Arabia King · first_building Castle |
| 14:19 | The Arabia King · wall_segment Palisade Wall x1 |
| 14:21 | The Arabia King · wall_segment Palisade Wall x1 |
| 14:27 | Evander · wall_segment Palisade Wall x1 |
| 14:29 | Evander · wall_segment Palisade Wall x1 |
| 14:31 | Evander · wall_segment Palisade Wall x1 |
| 14:39 | pascal sauvage · age_up castle |
| 14:57 | pascal sauvage · wall_segment Stone Wall x5 |
| 15:00 | pascal sauvage · wall_segment Stone Wall x4 |
| 15:04 | pascal sauvage · wall_segment Stone Wall x5 |
| 15:06 | Evander · wall_segment Palisade Wall x1 |
| 15:07 | Evander · wall_segment Palisade Wall x1 |
| 15:08 | Evander · wall_segment Palisade Wall x1 |
| 15:09 | Evander · wall_segment Palisade Wall x1 |
| 15:11 | Evander · wall_segment Palisade Wall x1 |
| 15:12 | Evander · wall_segment Palisade Wall x1 |
| 15:36 | The Arabia King · first_market_sell 100 wood |
| 16:31 | Evander · wall_segment Palisade Wall x1 |
| 16:33 | Evander · wall_segment Palisade Wall x1 |
| 16:38 | Evander · wall_segment Palisade Wall x2 |
| 16:40 | Evander · wall_segment Palisade Wall x1 |
| 16:44 | Evander · wall_segment Palisade Wall x1 |
| 17:27 | luizcspinha · first_market_sell 100 wood |
| 17:37 | Evander · wall_segment Palisade Wall x1 |
| 17:55 | pascal sauvage · first_building Siege Workshop |
| 18:32 | pascal sauvage · wall_segment Stone Wall x1 |
| 18:49 | Evander · wall_segment Palisade Wall x1 |
| 19:03 | Evander · wall_segment Palisade Wall x1 |
| 19:05 | Evander · wall_segment Palisade Wall x1 |
| 19:09 | Evander · wall_segment Palisade Wall x1 |
| 19:28 | Evander · first_building Barracks |
| 19:41 | pascal sauvage · first_building Monastery |
| 19:51 | The Arabia King · first_market_buy 100 food |
| 19:58 | pascal sauvage · first_market_sell 100 food |
| 20:12 | Evander · first_market_sell 100 wood |
| 21:01 | Evander · first_building Archery Range |
| 23:11 | Evander · age_up castle |
| 23:13 | luizcspinha · wall_segment Palisade Wall x2 |
| 23:14 | pascal sauvage · first_market_buy 100 stone |
| 23:16 | The Arabia King · age_up imperial |
| 23:45 | Evander · first_market_buy 100 stone |
| 23:45 | pascal sauvage · age_up imperial |
| 24:26 | pascal sauvage · first_building Archery Range |
| 25:54 | The Arabia King · resign |
| 25:57 | pascal sauvage · wall_segment Stone Wall x6 |
[ AI ANALYSIS · 1 CREDIT ]
What really happened in this match?
Wolo.gg analyzes every decision: build order, eco, micro, common mistakes by bracket. Personalized analysis on WhatsApp or Discord in 30 seconds.
Civ guide
Italians
Perfil
Jugador #4096889